[ PARTIDA AOE2 · #474087172 ]
Team RMRomanos vs Persians
[ ANÁLISIS DE REPETICIÓN · EXTRAÍDO DE LA PARTIDA GRABADA ]
Feudal
10:40
Castillos
23:45
Imperial
42:32
| APM promedio | 21.8 |
| APM pico | 68 |
| eAPM promedio | 13.2 |
| Aldeanos / militares | 100 / 60 |
Foco
⚔️ 25.7% · 🌾 74.3%
Militia ×49 · Trade Cart ×21 · Centurion ×11
Feudal
11:57
Castillos
14:43
Imperial
42:47
| APM promedio | 30.8 |
| APM pico | 75 |
| eAPM promedio | 12.5 |
| Aldeanos / militares | 106 / 59 |
Foco
⚔️ 17.0% · 🌾 83.0%
Archer ×39 · Scout Cavalry ×20
Feudal
11:25
Castillos
15:55
Imperial
33:09
| APM promedio | 24.4 |
| APM pico | 72 |
| eAPM promedio | 15.0 |
| Aldeanos / militares | 120 / 87 |
Foco
⚔️ 29.7% · 🌾 70.3%
Konnik ×80 · Trebuchet (Packed) ×7 · Trade Cart ×1
Feudal
11:40
Castillos
15:18
Imperial
29:51
| APM promedio | 30.5 |
| APM pico | 94 |
| eAPM promedio | 17.0 |
| Aldeanos / militares | 132 / 199 |
Foco
⚔️ 24.9% · 🌾 75.1%
Archer ×120 · Knight ×38 · Camel Scout ×20 · Trebuchet (Packed) ×10 · Spearman ×10 · War Elephant ×1
Mapa de la partida
Recursos al inicio + cada clic de construcción. Línea gruesa = muro · recuadro discontinuo = muro de casas detectado. 🟡 oro · ⚪ piedra · 🟢 bayas · 🔶 jabalí · ⭕ reliquia
Inputs por minuto
— BaronBrax - - deez
Build order — BaronBrax
Primeras 150 de 332 acciones detectadas
| 0:01 | Crear | Villager (Male) |
| 0:01 | Crear | Villager (Male) |
| 0:01 | Crear | Villager (Male) |
| 0:02 | Crear | Villager (Male) |
| 0:03 | Construir | House |
| 0:04 | Construir | House |
| 1:28 | Crear | Villager (Male) |
| 2:01 | Crear | Villager (Male) |
| 2:26 | Crear | Villager (Male) |
| 2:52 | Crear | Villager (Male) |
| 3:12 | Crear | Villager (Male) |
| 3:14 | Investigar | Loom |
| 3:29 | Construir | Lumber Camp |
| 3:46 | Construir | House |
| 3:48 | Construir | House |
| 3:51 | Crear | Villager (Male) |
| 3:51 | Crear | Villager (Male) |
| 4:03 | Construir | Mill |
| 4:28 | Construir | House |
| 4:31 | Crear | Villager (Male) |
| 5:09 | Crear | Villager (Male) |
| 5:09 | Crear | Villager (Male) |
| 5:23 | Crear | Villager (Male) |
| 5:57 | Construir | Mining Camp |
| 5:58 | Crear | Villager (Male) |
| 7:13 | Crear | Villager (Male) |
| 7:25 | Crear | Villager (Male) |
| 7:29 | Construir | House |
| 7:33 | Construir | House |
| 8:05 | Crear | Villager (Male) |
| 8:29 | Investigar | Feudal Age |
| 9:18 | Construir | Barracks |
| 9:46 | Construir | Barracks |
| 9:50 | Crear | Villager (Male) |
| 10:40 | Edad | Edad Feudal |
| 10:41 | Investigar | Man-at-Arms (upgrade) |
| 10:52 | Crear | Villager (Male) |
| 11:07 | Construir | Blacksmith |
| 11:16 | Crear | Militia |
| 11:17 | Crear | Militia |
| 11:17 | Crear | Militia |
| 11:17 | Crear | Militia |
| 11:18 | Crear | Militia |
| 11:18 | Crear | Militia |
| 11:29 | Construir | Farm |
| 11:42 | Crear | Militia |
| 11:58 | Investigar | Horse Collar |
| 12:38 | Crear | Militia |
| 12:38 | Crear | Militia |
| 12:39 | Crear | Militia |
| 12:39 | Crear | Militia |
| 12:41 | Crear | Militia |
| 12:41 | Crear | Militia |
| 13:12 | Construir | Farm |
| 13:15 | Construir | Farm |
| 13:44 | Construir | Farm |
| 13:45 | Construir | Farm |
| 13:49 | Construir | Farm |
| 13:52 | Crear | Villager (Male) |
| 13:59 | Investigar | Scale Mail Armor |
| 14:27 | Crear | Militia |
| 14:27 | Crear | Militia |
| 14:36 | Construir | House |
| 14:37 | Construir | House |
| 14:37 | Construir | House |
| 14:44 | Construir | Farm |
| 15:20 | Investigar | Forging |
| 15:53 | Crear | Militia |
| 15:53 | Crear | Militia |
| 15:54 | Crear | Villager (Male) |
| 16:11 | Construir | Farm |
| 16:11 | Construir | Farm |
| 16:12 | Construir | Farm |
| 16:14 | Construir | Farm |
| 16:16 | Construir | Farm |
| 16:23 | Crear | Militia |
| 16:23 | Crear | Militia |
| 16:40 | Investigar | Double-Bit Axe |
| 16:44 | Crear | Villager (Male) |
| 16:52 | Construir | Farm |
| 17:01 | Construir | Farm |
| 17:10 | Investigar | Gold Mining |
| 17:20 | Construir | Market |
| 18:19 | Crear | Villager (Male) |
| 18:27 | Crear | Villager (Male) |
| 18:31 | Construir | Farm |
| 18:39 | Construir | Mill |
| 18:42 | Construir | Farm |
| 18:47 | Crear | Villager (Male) |
| 18:47 | Crear | Villager (Male) |
| 21:02 | Construir | Farm |
| 21:05 | Investigar | Castle Age |
| 21:08 | Construir | Farm |
| 21:09 | Construir | Farm |
| 21:10 | Construir | Farm |
| 21:11 | Construir | Farm |
| 21:12 | Construir | Farm |
| 22:55 | Crear | Militia |
| 22:55 | Crear | Militia |
| 22:55 | Crear | Militia |
| 22:56 | Crear | Militia |
| 22:56 | Crear | Militia |
| 22:56 | Crear | Militia |
| 22:56 | Crear | Militia |
| 22:56 | Crear | Militia |
| 22:57 | Crear | Militia |
| 22:57 | Crear | Militia |
| 22:57 | Crear | Militia |
| 22:57 | Crear | Militia |
| 22:57 | Crear | Militia |
| 23:45 | Edad | Edad de los Castillos |
| 23:54 | Construir | Town Center |
| 24:18 | Investigar | Squires |
| 24:19 | Investigar | Long Swordsman (upgrade) |
| 24:28 | Crear | Villager (Male) |
| 24:29 | Crear | Villager (Male) |
| 24:40 | Construir | Town Center |
| 24:45 | Construir | House |
| 24:46 | Construir | House |
| 24:47 | Construir | House |
| 24:47 | Construir | House |
| 24:47 | Construir | House |
| 24:48 | Construir | House |
| 24:48 | Construir | House |
| 24:49 | Construir | House |
| 25:00 | Construir | Mining Camp |
| 25:51 | Crear | Villager (Male) |
| 25:51 | Crear | Villager (Male) |
| 25:52 | Crear | Villager (Male) |
| 25:52 | Crear | Villager (Male) |
| 25:52 | Crear | Villager (Male) |
| 25:52 | Crear | Villager (Male) |
| 25:53 | Crear | Villager (Male) |
| 26:23 | Crear | Villager (Male) |
| 26:23 | Crear | Villager (Male) |
| 26:24 | Crear | Villager (Male) |
| 27:24 | Crear | Villager (Male) |
| 27:25 | Crear | Villager (Male) |
| 27:25 | Crear | Villager (Male) |
| 27:26 | Crear | Villager (Male) |
| 27:28 | Crear | Villager (Male) |
| 27:45 | Crear | Villager (Male) |
| 27:45 | Crear | Villager (Male) |
| 27:45 | Crear | Villager (Male) |
| 27:46 | Crear | Villager (Male) |
| 27:46 | Crear | Villager (Male) |
| 27:46 | Crear | Villager (Male) |
| 28:12 | Construir | Lumber Camp |
| 28:16 | Crear | Villager (Male) |
| 28:17 | Crear | Villager (Male) |
Build order — deez
Primeras 150 de 253 acciones detectadas
| 0:01 | Crear | Villager (Male) ×4 |
| 0:03 | Construir | House |
| 0:05 | Construir | House |
| 2:10 | Crear | Villager (Male) |
| 2:11 | Crear | Villager (Male) |
| 2:59 | Crear | Villager (Male) |
| 3:37 | Construir | House |
| 3:39 | Construir | Mill |
| 3:43 | Crear | Villager (Male) |
| 3:43 | Crear | Villager (Male) |
| 3:43 | Crear | Villager (Male) |
| 4:31 | Crear | Villager (Male) |
| 4:32 | Crear | Villager (Male) |
| 5:18 | Crear | Villager (Male) |
| 5:19 | Crear | Villager (Male) |
| 5:42 | Construir | Lumber Camp |
| 5:53 | Crear | Villager (Male) |
| 6:35 | Crear | Villager (Male) |
| 7:03 | Construir | House |
| 7:17 | Crear | Villager (Male) |
| 7:17 | Crear | Villager (Male) |
| 7:18 | Crear | Villager (Male) |
| 7:26 | Crear | Villager (Male) |
| 7:26 | Crear | Villager (Male) |
| 8:13 | Construir | Mining Camp |
| 9:18 | Investigar | Loom |
| 9:19 | Investigar | Feudal Age |
| 11:57 | Edad | Edad Feudal |
| 12:03 | Investigar | Castle Age |
| 13:58 | Construir | Mill |
| 14:43 | Edad | Edad de los Castillos |
| 15:02 | Construir | Archery Range |
| 15:09 | Crear | Villager (Male) |
| 15:10 | Crear | Villager (Male) |
| 15:24 | Construir | Building 490 |
| 15:31 | Construir | Town Center |
| 15:43 | Investigar | Crossbowman (upgrade) |
| 16:06 | Crear | Archer |
| 16:06 | Crear | Archer |
| 16:26 | Construir | House |
| 16:27 | Construir | House |
| 17:11 | Construir | Building 487 |
| 17:23 | Construir | Archery Range |
| 17:54 | Crear | Villager (Male) |
| 17:54 | Crear | Villager (Male) |
| 17:55 | Crear | Villager (Male) |
| 17:55 | Crear | Villager (Male) |
| 18:02 | Crear | Villager (Male) |
| 18:38 | Construir | Building 487 |
| 18:43 | Crear | Archer |
| 18:43 | Crear | Archer |
| 18:44 | Crear | Archer |
| 18:45 | Crear | Archer |
| 18:45 | Crear | Archer |
| 18:58 | Construir | Stone Wall |
| 19:54 | Crear | Archer |
| 19:54 | Crear | Archer |
| 21:03 | Construir | Town Center |
| 22:11 | Construir | Town Center |
| 23:22 | Crear | Villager (Male) |
| 23:22 | Crear | Villager (Male) |
| 23:22 | Crear | Villager (Male) |
| 23:22 | Crear | Villager (Male) |
| 23:44 | Crear | Villager (Male) |
| 23:45 | Crear | Villager (Male) |
| 23:45 | Crear | Villager (Male) |
| 23:50 | Crear | Villager (Male) |
| 24:35 | Construir | Farm |
| 24:35 | Construir | Farm |
| 24:35 | Construir | Farm |
| 24:35 | Construir | Farm |
| 24:36 | Construir | Farm |
| 24:36 | Construir | Farm |
| 24:36 | Construir | Farm |
| 25:24 | Construir | Farm |
| 25:24 | Construir | Farm |
| 25:25 | Construir | Farm |
| 25:25 | Construir | Farm |
| 25:25 | Construir | Farm |
| 25:30 | Crear | Villager (Male) |
| 25:36 | Crear | Villager (Male) |
| 26:04 | Crear | Villager (Male) |
| 26:13 | Crear | Villager (Male) |
| 26:26 | Construir | Market |
| 26:31 | Crear | Villager (Male) |
| 26:38 | Crear | Villager (Male) |
| 26:59 | Construir | House |
| 27:05 | Construir | House |
| 27:16 | Construir | House |
| 27:18 | Construir | House |
| 27:27 | Crear | Villager (Male) |
| 27:32 | Crear | Villager (Male) |
| 27:32 | Crear | Villager (Male) |
| 27:44 | Construir | House |
| 27:45 | Construir | House |
| 27:45 | Construir | House |
| 28:23 | Construir | Town Center |
| 28:29 | Crear | Villager (Male) |
| 28:30 | Crear | Villager (Male) |
| 28:58 | Construir | House |
| 28:59 | Construir | House |
| 29:38 | Crear | Villager (Male) |
| 29:38 | Crear | Villager (Male) |
| 29:40 | Crear | Villager (Male) |
| 29:47 | Construir | Farm |
| 29:48 | Construir | Farm |
| 29:48 | Construir | Farm |
| 29:48 | Construir | Farm |
| 29:48 | Construir | Farm |
| 29:48 | Construir | Farm |
| 29:49 | Construir | Farm |
| 29:52 | Construir | Farm |
| 30:14 | Crear | Villager (Male) |
| 30:15 | Crear | Villager (Male) |
| 30:16 | Crear | Villager (Male) |
| 30:36 | Construir | Lumber Camp |
| 30:41 | Construir | Mill |
| 30:46 | Crear | Villager (Male) |
| 30:47 | Crear | Villager (Male) |
| 31:16 | Crear | Villager (Male) |
| 31:19 | Crear | Villager (Male) |
| 31:19 | Crear | Villager (Male) |
| 31:19 | Crear | Villager (Male) |
| 31:25 | Crear | Villager (Male) |
| 31:25 | Crear | Villager (Male) |
| 31:25 | Crear | Villager (Male) |
| 31:43 | Crear | Villager (Male) |
| 31:43 | Crear | Villager (Male) |
| 31:51 | Construir | Farm |
| 31:51 | Construir | Farm |
| 31:55 | Construir | Farm |
| 31:55 | Construir | Farm |
| 31:55 | Construir | Farm |
| 31:56 | Construir | Farm |
| 31:56 | Construir | Farm |
| 31:56 | Construir | Farm |
| 31:57 | Construir | Farm |
| 32:38 | Construir | House |
| 32:40 | Construir | House |
| 32:40 | Construir | House |
| 32:47 | Crear | Villager (Male) |
| 32:48 | Crear | Villager (Male) |
| 32:48 | Crear | Villager (Male) |
| 32:55 | Construir | House |
| 33:29 | Construir | Stable |
| 33:31 | Construir | Stable |
| 33:32 | Construir | Stable |
| 33:40 | Investigar | Double-Bit Axe |
| 33:42 | Investigar | Horse Collar |
| 33:46 | Crear | Villager (Male) |
Build order — opus
Primeras 150 de 342 acciones detectadas
| 0:01 | Crear | Villager (Male) |
| 0:01 | Crear | Villager (Male) |
| 0:01 | Crear | Villager (Male) |
| 0:03 | Construir | House |
| 0:05 | Construir | House |
| 0:06 | Construir | House |
| 0:07 | Construir | House |
| 0:38 | Crear | Villager (Male) |
| 0:39 | Crear | Villager (Male) |
| 1:36 | Crear | Villager (Male) |
| 1:47 | Construir | Mill |
| 2:10 | Crear | Villager (Male) |
| 2:38 | Crear | Villager (Male) |
| 3:25 | Crear | Villager (Male) |
| 3:25 | Crear | Villager (Male) |
| 3:38 | Crear | Villager (Male) |
| 4:07 | Crear | Villager (Male) |
| 4:36 | Crear | Villager (Male) |
| 4:51 | Crear | Villager (Male) |
| 5:04 | Crear | Villager (Male) |
| 5:18 | Crear | Villager (Male) |
| 5:18 | Crear | Villager (Male) |
| 6:20 | Crear | Villager (Male) |
| 6:34 | Construir | Lumber Camp |
| 6:44 | Crear | Villager (Male) |
| 6:51 | Crear | Villager (Male) |
| 7:07 | Crear | Villager (Male) |
| 7:38 | Crear | Villager (Male) |
| 8:38 | Investigar | Feudal Age |
| 9:14 | Construir | Mining Camp |
| 9:51 | Crear | Villager (Male) |
| 10:15 | Crear | Villager (Male) |
| 10:59 | Construir | House |
| 11:00 | Construir | House |
| 11:25 | Edad | Edad Feudal |
| 11:34 | Construir | Market |
| 11:40 | Construir | Blacksmith |
| 12:04 | Construir | Mining Camp |
| 12:18 | Crear | Villager (Male) |
| 12:50 | Investigar | Loom |
| 13:03 | Investigar | Castle Age |
| 13:19 | Construir | Farm |
| 13:23 | Construir | Farm |
| 13:28 | Construir | Farm |
| 13:33 | Construir | Farm |
| 13:37 | Construir | Farm |
| 13:45 | Construir | Farm |
| 14:11 | Construir | Farm |
| 14:25 | Construir | Farm |
| 14:35 | Construir | Farm |
| 14:38 | Construir | Farm |
| 15:23 | Crear | Villager (Male) |
| 15:31 | Construir | Outpost |
| 15:38 | Investigar | Horse Collar |
| 15:41 | Investigar | Double-Bit Axe |
| 15:55 | Edad | Edad de los Castillos |
| 16:04 | Construir | Krepost |
| 16:15 | Crear | Villager (Male) |
| 16:15 | Crear | Villager (Male) |
| 16:48 | Crear | Villager (Male) |
| 16:49 | Crear | Villager (Male) |
| 17:04 | Crear | Villager (Male) |
| 17:09 | Construir | Town Center |
| 17:12 | Crear | Villager (Male) |
| 17:12 | Crear | Villager (Male) |
| 17:40 | Construir | Mining Camp |
| 17:43 | Crear | Villager (Male) |
| 17:43 | Crear | Villager (Male) |
| 17:58 | Crear | Villager (Male) |
| 17:58 | Crear | Villager (Male) |
| 18:20 | Crear | Villager (Male) |
| 18:30 | Crear | Villager (Male) |
| 18:30 | Crear | Villager (Male) |
| 18:37 | Crear | Villager (Male) |
| 18:37 | Crear | Villager (Male) |
| 19:28 | Construir | Krepost |
| 19:31 | Crear | Konnik |
| 19:39 | Investigar | Fletching |
| 20:18 | Crear | Villager (Male) |
| 20:18 | Crear | Villager (Male) |
| 20:20 | Crear | Villager (Male) |
| 20:20 | Crear | Villager (Male) |
| 20:30 | Construir | Town Center |
| 21:03 | Crear | Villager (Male) |
| 21:03 | Crear | Villager (Male) |
| 21:09 | Crear | Villager (Male) |
| 21:09 | Crear | Villager (Male) |
| 21:27 | Crear | Villager (Male) |
| 21:35 | Construir | Farm |
| 21:36 | Construir | Farm |
| 21:36 | Construir | Farm |
| 21:36 | Construir | Farm |
| 21:36 | Construir | Farm |
| 21:37 | Construir | Farm |
| 21:37 | Construir | Farm |
| 21:37 | Construir | Farm |
| 21:37 | Construir | Farm |
| 21:47 | Construir | Market |
| 22:13 | Crear | Villager (Male) |
| 22:13 | Crear | Villager (Male) |
| 22:20 | Crear | Villager (Male) |
| 22:35 | Construir | Farm |
| 22:36 | Construir | Farm |
| 22:36 | Construir | Farm |
| 22:53 | Construir | Outpost |
| 23:21 | Crear | Villager (Male) |
| 23:21 | Crear | Villager (Male) |
| 23:25 | Construir | Farm |
| 23:31 | Construir | Outpost |
| 24:02 | Crear | Villager (Male) |
| 24:02 | Crear | Villager (Male) |
| 24:05 | Investigar | Wheelbarrow |
| 24:07 | Investigar | Town Watch |
| 24:10 | Crear | Villager (Male) |
| 24:10 | Crear | Villager (Male) |
| 24:13 | Investigar | Bow Saw |
| 24:22 | Construir | Mining Camp |
| 24:24 | Investigar | Stone Mining |
| 24:26 | Crear | Villager (Male) |
| 24:39 | Construir | Farm |
| 24:39 | Construir | Farm |
| 24:39 | Construir | Farm |
| 24:39 | Construir | Farm |
| 24:40 | Construir | Farm |
| 24:40 | Construir | Farm |
| 24:40 | Construir | Farm |
| 24:40 | Construir | Farm |
| 24:42 | Construir | Farm |
| 24:45 | Crear | Villager (Male) |
| 24:45 | Crear | Villager (Male) |
| 24:49 | Investigar | Heavy Plow |
| 25:06 | Construir | Outpost |
| 25:15 | Crear | Villager (Male) |
| 25:15 | Crear | Villager (Male) |
| 25:18 | Investigar | Gold Mining |
| 25:34 | Construir | Farm |
| 25:37 | Construir | Farm |
| 25:38 | Construir | Farm |
| 25:40 | Construir | Farm |
| 25:44 | Crear | Villager (Male) |
| 25:44 | Crear | Villager (Male) |
| 25:52 | Construir | Farm |
| 25:55 | Construir | Farm |
| 25:59 | Crear | Villager (Male) |
| 25:59 | Crear | Villager (Male) |
| 25:59 | Crear | Villager (Male) |
| 26:09 | Construir | Castle |
| 26:24 | Construir | Castle |
| 26:29 | Construir | Mining Camp |
| 26:34 | Crear | Villager (Male) |
Build order — King Julien
Primeras 150 de 354 acciones detectadas
| 0:02 | Construir | House |
| 0:04 | Construir | House |
| 0:05 | Crear | Villager (Male) |
| 0:05 | Crear | Villager (Male) |
| 0:05 | Crear | Villager (Male) |
| 0:14 | Crear | Villager (Male) |
| 0:14 | Crear | Villager (Male) |
| 1:47 | Crear | Villager (Male) |
| 2:03 | Crear | Villager (Male) |
| 2:03 | Crear | Villager (Male) |
| 2:06 | Crear | Villager (Male) |
| 2:31 | Crear | Villager (Male) |
| 2:58 | Crear | Villager (Male) |
| 3:20 | Construir | House |
| 4:01 | Crear | Villager (Male) |
| 4:01 | Crear | Villager (Male) |
| 4:16 | Crear | Villager (Male) |
| 4:16 | Crear | Villager (Male) |
| 4:20 | Construir | Lumber Camp |
| 4:48 | Crear | Villager (Male) |
| 4:48 | Crear | Villager (Male) |
| 5:09 | Construir | House |
| 5:10 | Construir | House |
| 5:55 | Crear | Villager (Male) |
| 5:55 | Crear | Villager (Male) |
| 6:07 | Crear | Villager (Male) |
| 6:11 | Construir | Mill |
| 6:12 | Crear | Villager (Male) |
| 6:12 | Crear | Villager (Male) |
| 6:22 | Crear | Villager (Male) |
| 7:27 | Crear | Villager (Male) |
| 7:57 | Construir | Mining Camp |
| 8:23 | Crear | Villager (Male) |
| 8:26 | Crear | Villager (Male) |
| 9:14 | Construir | Farm |
| 9:16 | Construir | Farm |
| 9:19 | Construir | Farm |
| 9:21 | Construir | Farm |
| 9:24 | Construir | Farm |
| 9:28 | Investigar | Feudal Age |
| 9:48 | Construir | House |
| 9:49 | Construir | House |
| 9:56 | Construir | House |
| 11:01 | Construir | House |
| 11:40 | Edad | Edad Feudal |
| 11:43 | Construir | Market |
| 11:47 | Construir | Blacksmith |
| 11:52 | Investigar | Loom |
| 12:27 | Construir | Farm |
| 12:27 | Construir | Farm |
| 12:29 | Construir | Farm |
| 12:53 | Investigar | Castle Age |
| 13:11 | Construir | Lumber Camp |
| 13:44 | Investigar | Double-Bit Axe |
| 14:15 | Investigar | Horse Collar |
| 15:18 | Edad | Edad de los Castillos |
| 15:24 | Construir | Town Center |
| 15:30 | Construir | Town Center |
| 15:34 | Crear | Villager (Male) |
| 15:34 | Crear | Villager (Male) |
| 15:50 | Crear | Villager (Male) |
| 16:10 | Crear | Villager (Male) |
| 17:01 | Crear | Villager (Male) |
| 17:01 | Crear | Villager (Male) |
| 17:03 | Crear | Villager (Male) |
| 17:03 | Crear | Villager (Male) |
| 17:03 | Crear | Villager (Male) |
| 17:03 | Crear | Villager (Male) |
| 17:08 | Crear | Villager (Male) |
| 17:08 | Crear | Villager (Male) |
| 17:15 | Construir | Barracks |
| 17:31 | Crear | Villager (Male) |
| 17:31 | Crear | Villager (Male) |
| 17:32 | Crear | Villager (Male) |
| 17:39 | Crear | Villager (Male) |
| 17:40 | Crear | Villager (Male) |
| 18:29 | Crear | Villager (Male) |
| 18:29 | Crear | Villager (Male) |
| 18:46 | Construir | Farm |
| 18:47 | Crear | Villager (Male) |
| 18:48 | Crear | Villager (Male) |
| 18:49 | Crear | Villager (Male) |
| 19:02 | Construir | Archery Range |
| 19:05 | Crear | Villager (Male) |
| 19:39 | Crear | Villager (Male) |
| 19:39 | Crear | Villager (Male) |
| 19:47 | Construir | Farm |
| 19:48 | Construir | Farm |
| 20:08 | Crear | Villager (Male) |
| 20:08 | Crear | Villager (Male) |
| 20:10 | Crear | Villager (Male) |
| 20:32 | Crear | Villager (Male) |
| 20:33 | Crear | Villager (Male) |
| 20:44 | Construir | House |
| 20:45 | Construir | House |
| 20:47 | Crear | Villager (Male) |
| 20:50 | Crear | Villager (Male) |
| 21:05 | Construir | Mill |
| 21:07 | Construir | Farm |
| 21:08 | Construir | Farm |
| 21:09 | Construir | Farm |
| 21:10 | Construir | Farm |
| 21:12 | Construir | Farm |
| 21:28 | Crear | Villager (Male) |
| 21:29 | Crear | Villager (Male) |
| 21:29 | Crear | Villager (Male) |
| 21:40 | Construir | Farm |
| 21:41 | Construir | Farm |
| 21:42 | Construir | Farm |
| 21:43 | Construir | Farm |
| 21:45 | Crear | Villager (Male) |
| 21:53 | Crear | Villager (Male) |
| 21:54 | Crear | Villager (Male) |
| 21:56 | Crear | Villager (Male) |
| 22:13 | Construir | Farm |
| 22:14 | Construir | Farm |
| 22:15 | Construir | Farm |
| 22:15 | Construir | Farm |
| 22:36 | Construir | Castle |
| 23:09 | Construir | Castle |
| 23:31 | Construir | Farm |
| 23:33 | Construir | Farm |
| 23:35 | Construir | Farm |
| 23:36 | Construir | Farm |
| 23:51 | Construir | Lumber Camp |
| 24:03 | Crear | Villager (Male) |
| 24:04 | Crear | Villager (Male) |
| 24:13 | Crear | Villager (Male) |
| 24:15 | Crear | Villager (Male) |
| 24:16 | Crear | Villager (Male) |
| 24:17 | Crear | Villager (Male) |
| 24:31 | Crear | Villager (Male) |
| 24:33 | Crear | Villager (Male) |
| 24:33 | Crear | Villager (Male) |
| 24:38 | Construir | Lumber Camp |
| 24:39 | Investigar | Bow Saw |
| 24:47 | Construir | Archery Range |
| 24:48 | Construir | Archery Range |
| 24:54 | Construir | Farm |
| 25:04 | Construir | Farm |
| 25:37 | Construir | Farm |
| 25:38 | Crear | Villager (Male) |
| 25:41 | Crear | Villager (Male) |
| 25:42 | Crear | Villager (Male) |
| 25:45 | Construir | Farm |
| 25:53 | Construir | Archery Range |
| 26:03 | Crear | Villager (Male) |
| 26:06 | Crear | Villager (Male) |
| 26:13 | Construir | Mill |
| 26:14 | Construir | Farm |
Cronología de la partida
| 9:18 | BaronBrax · first_building Barracks |
| 10:40 | BaronBrax · age_up feudal |
| 11:25 | opus · age_up feudal |
| 11:40 | King Julien · age_up feudal |
| 11:57 | deez · age_up feudal |
| 14:43 | deez · age_up castle |
| 15:02 | deez · first_building Archery Range |
| 15:18 | King Julien · age_up castle |
| 15:55 | opus · age_up castle |
| 16:04 | opus · first_building Krepost |
| 17:15 | King Julien · first_building Barracks |
| 17:59 | King Julien · tribute_sent a jugador 1 |
| 17:59 | King Julien · tribute_sent a jugador 2 |
| 17:59 | King Julien · tribute_sent a jugador 3 |
| 18:36 | King Julien · tribute_sent a jugador 1 |
| 18:36 | King Julien · tribute_sent a jugador 2 |
| 18:36 | King Julien · tribute_sent a jugador 3 |
| 18:58 | deez · wall_segment Stone Wall x1 |
| 19:02 | King Julien · first_building Archery Range |
| 19:11 | King Julien · tribute_sent a jugador 1 |
| 19:11 | King Julien · tribute_sent a jugador 2 |
| 19:11 | King Julien · tribute_sent a jugador 3 |
| 21:52 | King Julien · first_market_buy 100 food |
| 22:36 | King Julien · first_building Castle |
| 22:50 | King Julien · first_market_sell 100 food |
| 23:45 | BaronBrax · age_up castle |
| 26:09 | opus · first_building Castle |
| 27:48 | deez · first_market_sell 100 wood |
| 27:53 | deez · first_market_buy 100 food |
| 28:09 | BaronBrax · first_market_buy 100 wood |
| 29:04 | opus · wall_segment Stone Wall x10 |
| 29:13 | opus · wall_segment Stone Wall x34 |
| 29:34 | opus · wall_segment Stone Wall x23 |
| 29:41 | opus · wall_segment Stone Wall x30 |
| 29:51 | King Julien · age_up imperial |
| 31:08 | King Julien · wall_segment Palisade Wall x1 |
| 31:54 | King Julien · wall_segment Palisade Wall x1 |
| 32:40 | King Julien · wall_segment Palisade Wall x1 |
| 33:03 | BaronBrax · first_building Stable |
| 33:09 | opus · age_up imperial |
| 33:14 | BaronBrax · first_building Castle |
| 33:17 | opus · first_building Barracks |
| 33:29 | deez · first_building Stable |
| 34:13 | King Julien · wall_segment Palisade Wall x1 |
| 34:55 | King Julien · first_building Stable |
| 39:18 | BaronBrax · first_market_sell 100 food |
| 39:54 | opus · first_building Stable |
| 42:32 | BaronBrax · age_up imperial |
| 42:47 | deez · age_up imperial |
| 44:04 | King Julien · resign |
[ ANÁLISIS IA · 1 CRÉDITO ]
¿Qué pasó realmente en esta partida?
Wolo.gg analiza cada decisión: build order, eco, micro, errores típicos por bracket. Análisis personalizado por WhatsApp o Discord en 30 segundos.
Guía civ
Romanos
Guía mapa
Arena
Perfil
BaronBrax